 Dungeon Crawl Stone Soup version 0.29.0-4-gdea44cf6ec (webtiles) character file.

Game seed: 14942543393912663842

91 qw the Chopper (level 4, -1/35 HPs)
             Began as a Formicid Cinder Acolyte on Sept 3, 2022.
             Was a High Priest of Ignis.
             Slain by Grinder (3 damage)
             ... on level 3 of the Dungeon.
             The game lasted 00:01:08 (2561 turns).

qw the Chopper (Formicid Cinder Acolyte)            Turns: 2561, Time: 00:01:09

Health: -1/35      AC: 13    Str: 21    XL:     4   Next: 87%
Magic:  5/5        EV: 10    Int: 13    God:    Ignis [*****.]
Gold:   45         SH:  0    Dex:  9    Spells: 5/5 levels left

rFire   + . .      SeeInvis +   Y - +3 hand axe (flame)
rCold   . . .      Faith    .   (no shield)
rNeg    . . .      Spirit   .   f - +0 scale mail
rPois   .          Reflect  .   (helmet unavailable)
rElec   .          Harm     .   (no cloak)
rCorr   .          Rampage  .   (no gloves)
Will    .....                   (no boots)
Stlth   ..........              (no amulet)
HPRegen 0.11/turn               (no ring)
MPRegen 0.09/turn               (no ring)

@: fiery-armoured
A: permanent stasis, dig shafts and tunnels, antennae 3, four strong arms
a: Dig, Shaft Self, Renounce Religion, Fiery Armour, Foxfire Swarm, Rising Flame


You were on level 3 of the Dungeon.
You worshipped Ignis.
Ignis was extremely pleased with you.
You visited 1 branch of the dungeon, and saw 3 of its levels.

You collected 45 gold pieces.


Innate Abilities, Weirdness & Mutations

You cannot be hasted, slowed, berserked, paralysed or teleported.
You can dig through walls and to a lower floor.
You have a pair of large antennae on your head. (SInv)
Your four strong arms can wield two-handed weapons with a shield.


   Skills:
 - Level 3.2 Fighting
 + Level 4.8 Axes
 - Level 1.0 Armour
 - Level 1.0 Dodging
 - Level 1.1 Spellcasting
 - Level 3.0 Fire Magic


You had 5 spell levels left.
You didn't know any spells.
Your spell library contained the following spells:

 Spells                   Type           Power      Damage    Failure   Level
 Scorch                   Fire           16%        2d6       34%         2

Inventory:

Hand Weapons
 Y - a +3 hand axe of flaming (weapon)
Armour
 f - a +0 scale mail (worn)
Scrolls
 a - 2 scrolls of identify
 b - a scroll of enchant armour
 e - a scroll of brand weapon {unknown}
Potions
 c - a potion of brilliance {unknown}
 d - 2 potions of berserk rage {unknown}
 g - a potion of resistance
 h - a potion of haste {unknown}
 j - a potion of mutation

Dungeon Overview and Level Annotations

Branches:
Dungeon (3/15)

Altars:

Annotations:
D:3 2 transporters, Grinder; qw's ghost, amateur FoCA


Message History

Found a ring mail.
Enter note: The dart slug briefly extends its eye-stalks.
Found a robe.
e - a scroll labelled DEIMPI FETU Qw's ghost droops like a melted candle.
Found a stone staircase leading down.
Found a scroll of immolation.
You sense a monster nearby.
Grinder comes into view.
She is carrying a wand of light (12).
Found a scroll labelled GAIPPUDGH FIJIA and a fluorescent wand.
2552 ||| Stepping ~*~*~tactically~*~*~ (hiding).
You closely miss Grinder. Grinder hits you.
You writhe in agony.
You hit Grinder. You burn Grinder.
Grinder is lightly wounded.
Grinder hits you.
You writhe in agony.
You slash Grinder! You burn Grinder.
Grinder is moderately wounded.
Grinder hits you but does no damage.
You barely miss Grinder.
Grinder is moderately wounded.
Grinder hits you.
You writhe in agony.
2558 ||| INVOKING Fiery Armour.
A protective cloak of flame settles atop you.
Grinder zaps a wand.
The bolt of light hits you!
You are confused.
You hit Grinder. You burn Grinder.
Grinder is heavily wounded.
Grinder hits you.
You writhe in agony.
Grinder is burned by your cloak of flames.
Grinder is heavily wounded.
You bump into the rock wall.
You feel less confused. Grinder gestures at you.
Your stasis prevents you from being paralysed.
You hit Grinder. You burn Grinder.
Grinder is severely wounded.
Grinder hits you.
You writhe in agony.
You die...

### .... ######
..^.. #....#
####>..... #....#
#.@5......
#.[..#####.##......
#..................
#.............?..?.
#.......#########..
#......##owW...^##.
####...#8.g#.#..8#.
# ##...#..#...#..#
##.
#....#?..[....$#
...


You could see Grinder, a dart slug, an orc and a goblin.

Vanquished Creatures
  Jessica (D:3)
  An adder (D:2)
  A worm (D:2)
  A dart slug (D:1)
  An orc (D:3)
  8 ball pythons
  5 bats
  5 endoplasms
  8 goblins
  4 hobgoblins
  7 kobolds
  3 rats
45 creatures vanquished.

Vanquished Creatures (others)
  A plant (D:3)
1 creature vanquished.

Grand Total: 46 creatures vanquished

Notes
Turn   | Place    | Note
-------+----------+-------------------------------------------
     0 | D:1      | qw the Formicid Cinder Acolyte began the quest for the Orb.
     0 | D:1      | Reached XP level 1. HP: 18/18 MP: 2/2
     0 | D:1      | 0 ||| qw: Version: 0.1-a-102-g441f92d
     0 | D:1      | 0 ||| qw: Game counter: 5258
     0 | D:1      | 0 ||| qw: Always use a shield: true
     0 | D:1      | 0 ||| qw: God list: Okawaru
     0 | D:1      | 0 ||| qw: Allow faded altars: false
     0 | D:1      | 0 ||| qw: Do Orc after D:15 true
     0 | D:1      | 0 ||| qw: Do second Lair branch before Depths: true
     0 | D:1      | 0 ||| qw: Lair rune preference: random
     0 | D:1      | 0 ||| qw: Plans: Normal
     0 | D:1      | 0 ||| PLANNING D:1-11
    85 | D:1      | 85 ||| Stepping ~*~*~tactically~*~*~ (hiding).
   174 | D:1      | Reached XP level 2. HP: 24/24 MP: 3/3
   497 | D:1      | 497 ||| Stepping ~*~*~tactically~*~*~ (stealth).
   499 | D:1      | Reached skill level 4 in Axes
   499 | D:1      | Reached XP level 3. HP: 29/29 MP: 4/4
   719 | D:1      | Reached skill level 1 in Dodging
   971 | D:1      | 971 ||| UPGRADING to +0 ring mail.
   981 | D:1      | 981 ||| DROPPING +0 robe.
   982 | D:1      | 982 ||| UPGRADING to +0 scale mail.
   992 | D:1      | 992 ||| DROPPING +0 ring mail.
   993 | D:1      | 993 ||| READING 4 scrolls labelled XIKEBI PISUEXT.
   994 | D:1      | 994 ||| READING scroll labelled PEGAUM NEPNAV.
   995 | D:1      | 995 ||| READING scroll labelled ERITZOGELI.
   996 | D:1      | 996 ||| READING scroll labelled DUIZOZ WODA.
   997 | D:1      | 997 ||| READING scroll labelled RYCULE GIRPHE.
   998 | D:1      | 998 ||| READING 3 scrolls of identify.
   998 | D:1      | 998 ||| IDENTIFYING fuming golden potion
   999 | D:1      | 999 ||| Stepping randomly (stuck).
  1000 | D:1      | 1000 ||| Stepping ~*~*~tactically~*~*~ (cloud).
  1007 | D:1      | HP: 7/29 [poisoned by you (poison gas)]
  1581 | D:2      | Found a faded altar of an unknown god.
  1844 | D:2      | Reached skill level 1 in Armour
  1893 | D:2      | Reached XP level 4. HP: 35/35 MP: 5/5
  1915 | D:2      | 1915 ||| READING 3 scrolls of enchant weapon.
  1915 | D:2      | 1915 ||| ENCHANTING +0 hand axe of flaming.
  1916 | D:2      | 1916 ||| READING 2 scrolls of enchant weapon.
  1916 | D:2      | 1916 ||| ENCHANTING +1 hand axe of flaming.
  1917 | D:2      | 1917 ||| READING scroll of enchant weapon.
  1917 | D:2      | 1917 ||| ENCHANTING +2 hand axe of flaming.
  2183 | D:2      | 2183 ||| READING 2 scrolls labelled LIHUATWAOTA.
  2184 | D:2      | 2184 ||| READING scroll labelled SAOCWI SORUTT.
  2185 | D:2      | 2185 ||| READING scroll labelled GOPTYI YGGE.
  2186 | D:2      | 2186 ||| READING 3 scrolls of identify.
  2186 | D:2      | 2186 ||| IDENTIFYING metallic dark potion
  2187 | D:2      | 2187 ||| READING 2 scrolls of identify.
  2187 | D:2      | 2187 ||| IDENTIFYING fizzy clear potion
  2188 | D:2      | 2188 ||| DROPPING potion of attraction.
  2254 | D:3      | 2254 ||| Stepping ~*~*~tactically~*~*~ (stealth).
  2255 | D:3      | 2255 ||| Stepping ~*~*~tactically~*~*~ (stealth).
  2259 | D:3      | 2259 ||| Stepping ~*~*~tactically~*~*~ (stealth).
  2260 | D:3      | 2260 ||| Stepping ~*~*~tactically~*~*~ (stealth).
  2289 | D:3      | Noticed Jessica
  2293 | D:3      | 2293 ||| Stepping ~*~*~tactically~*~*~ (hiding).
  2302 | D:3      | 2302 ||| INVOKING Fiery Armour.
  2303 | D:3      | Killed Jessica
  2304 | D:3      | 2304 ||| FLEEEEING.
  2305 | D:3      | 2305 ||| FLEEEEING.
  2308 | D:3      | 2308 ||| STAIRDANCE
  2474 | D:3      | 2474 ||| STAIRDANCE
  2532 | D:3      | Found a transporter.
  2532 | D:3      | Noticed qw's ghost (amateur FoCA)
  2549 | D:3      | Found a transporter.
  2551 | D:3      | Noticed Grinder
  2552 | D:3      | 2552 ||| Stepping ~*~*~tactically~*~*~ (hiding).
  2558 | D:3      | 2558 ||| INVOKING Fiery Armour.
  2559 | D:3      | HP: 6/35 [Grinder (3)]
  2559 | D:3      | HP: 2/35 [Grinder (4)]
  2561 | D:3      | Slain by Grinder

Levels and vault maps discovered:
D:1:      saegor_arrival_simple_b, layout_basic, minmay_misc_feat_pillars
D:2:      layout_loops_corners, shapermc_ecumenical_altar_mp_vishouse
D:3:      cheibrodos_old_hovel, layout_rooms, gammafunk_ghost_arena,
          uniq_grinder, uniq_jessica

Skill      XL: |  1  2  3 |
---------------+----------+-----
Axes           | 4 |  4.8
Dodging        | 1 |  1.0
Armour         | 1 |  1.0
Fighting       | |  3.2
Spellcasting   | |  1.1
Fire Magic     | |  3.0

Action                   |  1- 3 |  4- 6 || total
-------------------------+-------+-------++-------
Melee: Hand axe          |    82 |    32 ||   114
       Punch             |     1 |       ||     1
Invok: Fiery Armour      |       |     2 ||     2
  Use: Scroll            |     6 |     8 ||    14
Armor: Robe              |     5 |       ||     5
       Scale mail        |    18 |     8 ||    26
Dodge: Dodged            |    42 |     8 ||    50

Table legend:
 A = Non-vault XP
 B = Vault XP
 C = Vault XP percentage of total XP
 D = Non-vault monster count
 E = Vault monster count
 F = Vault count percentage of total count
                 A         B        C        D         E       F
            +---------+---------+-------+---------+---------+-------
      Total |      92 |      38 |  29.2 |      43 |       2 |   4.4
            +---------+---------+-------+---------+---------+-------
        D:1 |      45 |       0 |   0.0 |      24 |       0 |   0.0
        D:2 |      36 |       0 |   0.0 |      13 |       0 |   0.0
        D:3 |      11 |      38 |  77.6 |       6 |       2 |  25.0
            +---------+---------+-------+---------+---------+-------
